[Event "Reykjavik Open 2024"]
[Site "Reykjavik"]
[Date "2024.03.18"]
[Round "6.25"]
[White "Lu, Miaoyi"]
[Black "Bergsson, Stefan"]
[Result "1-0"]
[ECO "B31"]
[WhiteElo "2392"]
[BlackElo "2144"]
[Annotator "TA"]
[PlyCount "71"]
[EventDate "2024.03.12"]
[EventCountry "ISL"]
[SourceTitle "playchess.com"]
[Source "ChessBase"]
[SourceQuality "1"]
[TimeControl "40/5400+30:1800+30"]

1. e4 c5 2. Nf3 Nc6 3. Bb5 g6 4. O-O Bg7 5. Re1 e5 6. Bxc6 dxc6 7. a4 a5 8. Na3 Ne7 9. Nc4 {[%emt 0:04:29] The position is equal.} Qc7 10. d3 b6 11. Be3 h6 (11... Be6 $11) 12. b4 $14 axb4 {[%emt 0:07:16] [#]} ({Black should try} 12... b5 $14) 13. a5 $1 $16 bxa5 14. Bxc5 Be6 15. Bd6 Qd8 16. Nfxe5 Bxc4 17. Nxc4 (17. dxc4 $2 Nc8 18. Bxb4 Qxd1 (18... Bxe5 $2 19. Qxd8+ Kxd8 20. Red1+ Ke8 21. Rxa5 $19) 19. Rexd1 Bxe5 $19) 17... Bxa1 18. Qxa1 O-O 19. Re3 {[%emt 0:09:06] White has more active pieces.} Re8 {[%emt 0:01:22][%cal Oe7d5] [#]} 20. Rh3 (20. Bc5 $1 $16) 20... Nd5 $1 $11 21. exd5 cxd5 $40 {[%emt 0:00:25][%mdl 128] Black mounts an attack.} 22. Rxh6 $1 f6 23. Rxg6+ Kf7 $1 24. Rh6 (24. Bc7 $5 Qe7 (24... Qxc7 25. Qxf6#) 25. Ne5+ fxe5 26. Rh6 $11) 24... dxc4 25. Bc7 {[%emt 0:01:22][%mdl 8192] [#]} Qd4 $3 $19 26. Qd1 Qd5 {[%emt 0:15:04] ...Rh8 is the strong threat.} 27. Rh7+ Kg8 28. Rh4 cxd3 29. cxd3 Rac8 $2 ({Better is} 29... b3 $19 30. h3 b2 31. Qg4+ Qg5 32. Qc4+ Kg7) 30. Qg4+ $1 $11 Qg5 31. Qc4+ Kf8 32. g3 $1 {[%emt 0:00:13] Threatens to win with h3. Some like it hot} Re1+ $2 (32... Qf5 $1 $11 {and Black stays safe.} 33. Bd6+ Kg7 34. Rg4+ Kh8 (34... Kh6 $2 35. Bf4+ Kh5 36. Qf7+ Kxg4 37. Kg2 $18) 35. Rh4+ Kg7 36. Rg4+ Kh8 (36... Kh6 $2 37. Bf4+ Kh5 38. Qf7+ Kxg4 39. Kg2 $18) 37. Rh4+ Kg7) 33. Kg2 $18 Rc1 $2 (33... Qf5) 34. Bd6+ Kg7 35. Qe6 {[%emt 0:01:06] Threatening mate with Qd7+.} f5 36. Be5+ {[%emt 0:00:10] Weighted Error Value: White=0.25 (precise) /Black=0.77.  Loses game:     	White=1     	Black=1      Missed win:     	---       	Black=1      Mistake:       	White=1     	Black=3      Inaccurate:     	White=5     	Black=2      OK:         	White=7     	Black=8      Best:        	White=4     	Black=4      Strong:       	White=3     	Black=2      Brilliant:      	---       	Black=1} 1-0

[Event "Reykjavik Open 2024"]
[Site "Reykjavik"]
[Date "2024.03.18"]
[Round "6.26"]
[White "Eriksson, Jorgen"]
[Black "Sidhant, Mohapatra"]
[Result "0-1"]
[ECO "D02"]
[WhiteElo "2154"]
[BlackElo "2379"]
[Annotator "TA"]
[PlyCount "88"]
[EventDate "2024.03.12"]
[EventCountry "ISL"]
[SourceTitle "playchess.com"]
[Source "ChessBase"]
[SourceQuality "1"]
[TimeControl "40/5400+30:1800+30"]

1. d4 d5 2. Bf4 c5 3. e3 Nc6 4. Nf3 Nf6 5. Nbd2 Nh5 6. Be5 e6 7. c3 f6 8. Bg3 {[%emt 0:00:13] Die Stellung ist ausgeglichen.} g6 9. Be2 Be7 10. O-O O-O 11. c4 Nxg3 12. hxg3 cxd4 13. exd4 Kg7 14. Nb3 a5 15. cxd5 exd5 16. a4 Bd6 17. Ne1 (17. Rc1 $11) 17... Qb6 {[%emt 0:01:00] Schwarz steht aktiver.} ({Vorzuziehen ist} 17... Rh8 $15) 18. Bf3 Be6 19. Nd3 Bf7 ({Ein No Go ist} 19... Nxd4 $6 20. Nxd4 Qxd4 21. Nf4 Qxd1 22. Nxe6+ Kf7 23. Raxd1 $14 (23. Rfxd1 Kxe6 24. Bxd5+ Kd7 $14)) 20. Ndc5 (20. Nf4 $11) 20... Rfe8 $17 21. Qd3 Nb4 (21... Qc7 $17 {Weiss muss nun ...b6 beachten.} 22. Qd1 Re7) 22. Qb5 $15 Qxb5 23. axb5 b6 24. Na4 Rab8 $36 {[%emt 0:00:06][%mdl 2048] Schwarz bestimmt, wo es lang geht.} 25. Rfe1 Red8 26. Rad1 h5 27. Re2 g5 {[%emt 0:00:17] [#] ...g4 ist eine echte Drohung.} 28. Red2 (28. Re3 $17 {war nötig.}) 28... g4 $19 29. Be2 Bg6 ({Besser ist} 29... f5 30. Bf1 Be8 (30... f4 $2 31. gxf4 Bxf4 32. Re2 $19)) 30. Rc1 (30. Rf1 $17) 30... Rd7 31. Na1 (31. Bf1 $17) 31... Kf7 32. Rcd1 Rc7 33. Bf1 Bf5 34. Be2 (34. Nc3 $17 {war einen Versuch wert.}) 34... Kg6 35. Bf1 Rh7 36. Re1 (36. Nb3 $142) 36... Be4 37. Rde2 h4 38. Rxe4 dxe4 39. Rxe4 $2 (39. gxh4 f5 (39... Rxh4 $2 40. g3 $19) 40. g3) 39... hxg3 {[%emt 0:00:07] Droht ...Kg5 und aus. Schwarz steht klar auf Gewinn.} 40. fxg3 Kg5 41. Kf2 (41. Re3 $142) 41... Rh1 {[%emt 0:03:06] Zielt auf ...f5 ab.} 42. Nb3 f5 43. Re6 {[%emt 0:01:29] [#]} Bxg3+ $1 44. Ke2 (44. Kxg3 Rxf1) 44... Nd5 {[%emt 0:00:10] Gewichteter Fehlerwert: Weiß=0.63/Schwarz=0.17 (sehr präzise) .  Fehler:       	Weiß=9     	Schwarz=3     Ungenau:       	Weiß=4     	Schwarz=3     OK:         	Weiß=7     	Schwarz=16    Bester:       	Weiß=1     	---} 0-1

[Event "Reykjavik Open 2024"]
[Site "Reykjavik"]
[Date "2024.03.18"]
[Round "6.27"]
[White "Dauner, Benedikt"]
[Black "Gortemaker, Lucas"]
[Result "1-0"]
[ECO "B12"]
[WhiteElo "2366"]
[BlackElo "2032"]
[Annotator "TA"]
[PlyCount "81"]
[EventDate "2024.03.12"]
[EventCountry "ISL"]
[SourceTitle "playchess.com"]
[Source "ChessBase"]
[SourceQuality "1"]
[TimeControl "40/5400+30:1800+30"]

1. e4 c6 2. d4 d5 3. e5 Bf5 4. h4 h6 5. g4 Bd7 6. h5 {[%emt 0:01:35] Schwarz hat schwache schwarze Felder} Qc8 7. Be2 e6 8. Be3 c5 {[%emt 0:01:30] Weiß steht etwas besser.} 9. c3 Nc6 10. f4 (10. dxc5 Nxe5 11. b4 a5 $17) 10... b6 11. Nf3 Qb7 12. Nbd2 Rc8 13. Kf2 Nb8 14. Nf1 Ne7 15. Ng3 Nec6 16. g5 {[%emt 0:03:20] Weiß steht aktiver.} cxd4 17. cxd4 Na5 18. b3 Ba3 19. g6 Qc7 (19... Nbc6 $16 {ist eine bessere Verteidigung.}) 20. gxf7+ Kxf7 21. Bd3 {[%emt 0:02:49] Wehrt Qc2+ ab} Rhf8 (21... Nbc6 $142 22. Bc1 Be7) 22. Bh7 Be8 (22... Rh8 $142) 23. f5 $18 Qc2+ 24. Ne2 {[%emt 0:01:03][%cal Bg3e2,Be2f4,Bf4d5][%mdl 32] [#] Schwarz muss nun fxe6+ beachten.} Qxd1 (24... exf5 {war nötig.} 25. Qxc2 Rxc2 26. Bxf5 Rc6) 25. Raxd1 {[%emt 0:00:13] Und fxe6+ würde nun gewinnen.} exf5 26. Nf4 (26. Bxf5 Bd7) 26... Rc2+ 27. Rd2 Rxd2+ 28. Bxd2 (28. Nxd2 Nbc6 29. Nf3 (29. Nxd5 Nb4 $18) (29. Bxf5 Ke7 $14) 29... Ne7 $18) 28... Bd7 (28... Na6 {war angesagt.} 29. Bxa5 (29. Nxd5 Bc6 $18) (29. Bxf5 Nc7 $18) 29... bxa5) 29. Nxd5 (29. Bg6+ Kg8 30. Nxd5 (30. e6 Be8 $18) 30... Nbc6 $18) 29... Rd8 30. Nf4 (30. Bg6+ Kg8 31. Bc1 Bf8) 30... Bc6 31. e6+ (31. Bxf5 Bxf3 32. Kxf3 Nac6 $18) 31... Kf6 (31... Ke7 {ist wohl besser.} 32. Rg1 (32. Bxf5 Rxd4 33. Ng6+ Ke8 $18) 32... Bxf3 33. Rxg7+ (33. Kxf3 Nac6 $18) 33... Kd6 34. Kxf3 Nac6) 32. Rg1 {[%emt 0:00:57] Weiß steht klar auf Gewinn.} Bf8 (32... Bxf3 $142 33. Rg6+ (33. Kxf3 Nac6 $18) 33... Ke7 34. Rxg7+ (34. Kxf3 Nac6 $18) 34... Kd6 35. Kxf3 Nac6 36. Bxf5 Nxd4+ 37. Ke4 Nxf5 38. Kxf5 Nc6) 33. Rg6+ Ke7 34. Bb4+ Ke8 {[%emt 0:00:14] [#]} 35. e7 $1 Bxe7 36. Re6 (36. Rxg7 $142 Kd7 37. Bxf5+ (37. Rxe7+ Kc8 $18) (37. Bxe7 Re8 $18) 37... Kc7 38. Ne6+ (38. Rxe7+ Bd7 $18) 38... Kc8 39. Nxd8+ (39. Bxe7 Rd5 $18) (39. Rxe7 Bd7 $18) 39... Bd7 40. Bxd7+ (40. Bxe7 Bxf5 41. Nf7 Bc2 $18) 40... Kxd8 41. Bxe7+ Kxd7 42. Bg5+ Ke6 43. Bxh6) 36... Rd7 37. d5 {[%emt 0:00:44] d6 ist eine echte Drohung.} Bxd5 (37... Kd8 $142 38. dxc6 Naxc6) 38. Nxd5 Nac6 39. Nxe7 Nxb4 40. Nc6+ Kf7 41. Nfd4 {[%emt 0:30:26] Gewichteter Fehlerwert: Weiß=0.43/Schwarz=0.50.  Fehler:       	---       	Schwarz=7     Ungenau:       	---       	Schwarz=3     OK:         	Weiß=12    	Schwarz=5} 1-0

[Event "Reykjavik Open 2024"]
[Site "Reykjavik"]
[Date "2024.03.18"]
[Round "6.28"]
[White "Fossheim, Yngve"]
[Black "Ruiz Buendia, Miguel"]
[Result "1/2-1/2"]
[ECO "E04"]
[WhiteElo "2090"]
[BlackElo "2366"]
[Annotator "RC"]
[PlyCount "72"]
[EventDate "2024.03.12"]
[EventCountry "ISL"]
[SourceTitle "playchess.com"]
[Source "ChessBase"]
[SourceQuality "1"]
[TimeControl "40/5400+30:1800+30"]

1. d4 d5 2. c4 c6 3. Nf3 Nf6 4. g3 dxc4 5. Bg2 b5 6. O-O e6 7. b3 cxb3 8. Qxb3 Bb7 9. Rd1 Be7 10. Nc3 O-O 11. Ne5 a6 12. Bg5 Nfd7 13. Bxe7 Qxe7 14. Nd3 Ra7 15. Ne4 c5 16. Nexc5 Nxc5 17. dxc5 Bxg2 18. Kxg2 Nc6 19. Qc3 Rc8 20. a4 bxa4 21. Rxa4 a5 22. Rc1 Qd7 23. Kg1 Rac7 24. Rc4 Rb7 25. Ne5 Nxe5 26. Qxe5 Qc6 27. Rd4 f6 28. Qe3 Rd7 29. Rxd7 Qxd7 30. Qc3 Qb5 31. c6 Rc7 32. Qd4 Kf7 33. Qd6 Qb6 34. Rc4 a4 35. Rxa4 Qxc6 36. Qxc6 Rxc6 1/2-1/2

[Event "Reykjavik Open 2024"]
[Site "Reykjavik"]
[Date "2024.03.18"]
[Round "6.29"]
[White "Weigand, Anton"]
[Black "Moksh Amit Doshi"]
[Result "0-1"]
[ECO "B22"]
[WhiteElo "2036"]
[BlackElo "2353"]
[Annotator "TA"]
[PlyCount "66"]
[EventDate "2024.03.12"]
[EventCountry "ISL"]
[SourceTitle "playchess.com"]
[Source "ChessBase"]
[SourceQuality "1"]
[TimeControl "40/5400+30:1800+30"]

1. e4 c5 2. c3 d5 3. exd5 Qxd5 4. d4 Nf6 5. Nf3 e6 6. Na3 a6 7. Nc4 Nbd7 8. Be2 b5 9. Ne3 Qc6 10. a4 {[%emt 0:00:37] axb5 is the strong threat. The position is equal.} Bb7 11. axb5 axb5 12. Rxa8+ Bxa8 13. dxc5 Qxc5 14. O-O Be7 15. Nc2 O-O 16. Nfd4 Rb8 17. Be3 Qd5 {[%emt 0:06:06][%csl Ga8][%cal Rd5g2] [#]} 18. f3 Ne5 19. Bf2 Ng6 20. Qa1 (20. Qc1 $11) 20... Nf4 $15 {[%emt 0:09:50] White must now prevent ...Qg5.} 21. Bxb5 Qg5 {[%emt 0:08:35][%csl Gf4][%cal Rg5g2] [#] Black is more active.} 22. Bg3 N6h5 23. Bxf4 ({Don't go for} 23. Qa7 $2 Bd6 (23... Rxb5 24. Qxa8+ Bf8 25. Bxf4 $17) 24. Kf2 e5 $19) 23... Qxf4 (23... Nxf4 $17 24. g3 e5) 24. Qe1 (24. Rf2 $1 $11 {keeps the balance.}) 24... Bd6 (24... Bc5 $17 25. Kh1 Bd6) 25. g3 Qg5 $36 {[%emt 0:00:10][%cal Oe6e5][%mdl 3072] Hoping for ...e5! Black has compensation. Black fights for an advantage.} 26. c4 (26. Bd3 $1 $15) 26... e5 (26... Rd8 $19 {aiming for ...Bc5.} 27. Kg2 Be5) 27. Ne2 $2 (27. Nc6 $17 Bxc6 28. Bxc6 Rxb2 29. Be4 Bc5+ 30. Kg2) 27... Bc5+ $19 28. Kg2 e4 29. f4 (29. Ned4 $142 exf3+ 30. Nxf3) 29... e3+ 30. Kh3 Qf5+ 31. g4 Qxc2 (31... Qe4 $142 32. Rg1 Qf3+ (32... Nxf4+ $2 33. Nxf4 Qxf4 34. Qg3 $19) (32... Qxc2 $2 33. gxh5 Qf5+ 34. Kg3 $19) 33. Kh4 Be7+ (33... Nxf4 {leads to mate.} 34. Nxf4 Be7+ 35. g5 Rb6 36. Bc6 Rxc6 37. Rg4 Rh6+ 38. Nh5 g6 39. Nxe3 Rxh5#) 34. g5 Nxf4 35. Nxf4 Rb6 (35... Qxf4+ $2 36. Kh3 $19) 36. Bc6 Rxc6 (36... Qxf4+ $2 37. Kh3 $19) 37. Nh5 Rh6 (37... Rxc4+ {gets mated.} 38. Nd4 Rxd4+ 39. Nf4 Rxf4+ 40. Rg4 Qxg4#) 38. Rg4 g6 39. Nxe3 Rxh5#) 32. gxh5 Qf5+ 33. Kg3 Qxh5 {[%emt 0:00:11] Weighted Error Value: White=0.87/Black=0.24 (precise) .  Loses game:     	White=1     	---        Mistake:       	White=4     	Black=3      Inaccurate:     	White=3     	---        OK:         	White=6     	Black=13     Best:        	White=2     	Black=3} 0-1

[Event "Reykjavik Open 2024"]
[Site "Reykjavik"]
[Date "2024.03.18"]
[Round "6.30"]
[White "Sachi Jain"]
[Black "Thorfinnsson, Bjorn"]
[Result "1/2-1/2"]
[ECO "C55"]
[WhiteElo "1992"]
[BlackElo "2353"]
[Annotator "TA"]
[PlyCount "85"]
[EventDate "2024.03.12"]
[EventCountry "ISL"]
[SourceTitle "playchess.com"]
[Source "ChessBase"]
[SourceQuality "1"]
[TimeControl "40/5400+30:1800+30"]

1. e4 e5 2. Nf3 Nc6 3. Bc4 Nf6 4. d3 h6 5. O-O d6 6. c3 g6 7. Nbd2 Bg7 8. b4 O-O 9. a4 Kh7 10. Bb3 {[%emt 0:07:26] White is slightly better.} Bg4 11. b5 (11. h3 $14 Bd7 12. Bb2) 11... Ne7 (11... Na5 $11 {might be stronger.}) 12. h3 Bd7 13. d4 exd4 14. cxd4 a6 15. e5 Nfd5 16. Ba3 (16. bxa6 $11 Rxa6 17. Ne4) 16... axb5 $15 17. exd6 cxd6 18. Bxd6 bxa4 19. Bxe7 Nxe7 20. Bxa4 Nc6 21. Nb3 Be6 {[%emt 0:03:23] And now ...Bc4 would win.} 22. Bxc6 Rxa1 23. Qxa1 bxc6 24. Qc3 Bd5 25. Nbd2 Qd6 26. Rc1 Re8 27. Re1 Rxe1+ 28. Nxe1 Qe6 29. Nef3 Qe2 30. Qe3 Qd1+ 31. Kh2 Qc2 32. Ne1 Qb2 33. Nef3 Qc1 34. h4 Bf8 {[%emt 0:00:29] A strong pair of Bishops.} 35. Qe5 {[%emt 0:02:36] Wards off Bd6} Qa3 (35... Qc2 $17) 36. Ne4 $11 {[%emt 0:00:54] The position is equal.} Bxe4 37. Qxe4 {[%emt 0:00:02][%mdl 4096] Endgame. KQB-KQN} Qd6+ 38. Kg1 Qd5 39. Qxd5 cxd5 40. Ne5 Kg7 41. Ng4 Be7 42. g3 Bf6 43. Ne3 {[%emt 0:00:06] Weighted Error Value: White=0.12 (very precise) /Black=0.09 (flawless) .  Mistake:       	White=2     	Black=2      Inaccurate:     	White=3     	Black=2      OK:         	White=11    	Black=16     Best:        	White=2     	Black=2} 1/2-1/2

[Event "Reykjavik Open 2024"]
[Site "Reykjavik"]
[Date "2024.03.18"]
[Round "6.31"]
[White "Fanos, Haralambos"]
[Black "Cieslak, Patryk"]
[Result "1/2-1/2"]
[ECO "A28"]
[WhiteElo "1872"]
[BlackElo "2325"]
[Annotator "TA"]
[PlyCount "97"]
[EventDate "2024.03.12"]
[EventCountry "ISL"]
[SourceTitle "playchess.com"]
[Source "ChessBase"]
[SourceQuality "1"]
[TimeControl "40/5400+30:1800+30"]

1. c4 e5 2. Nc3 Nf6 3. Nf3 Nc6 4. e3 d5 5. cxd5 Nxd5 6. Bb5 Nxc3 7. dxc3 Qxd1+ 8. Kxd1 e4 9. Nd4 Bd7 10. Nxc6 bxc6 11. Be2 Bd6 12. Kc2 Ke7 13. Bd2 h5 14. h4 Rh6 15. c4 Rg6 16. g3 Rh8 17. b4 (17. Bc3 $14) 17... Bg4 (17... Be5 $11 {keeps the balance.}) 18. Bxg4 $16 hxg4 19. Bc3 {[%emt 0:01:32] Dodges Be5. And now c5 would win.} c5 20. b5 Rh5 21. a4 Rf5 22. Rhf1 Kf8 23. a5 Kg8 (23... Be5 $11) 24. Kd2 Rh6 (24... Kf8 $14) 25. Ke2 Rf3 (25... Rfh5 $16 26. Rfd1 Re6) 26. Rfd1 $18 Rf5 27. Ra2 Re6 {[%emt 0:14:34] [#]} 28. Rad2 $1 Re8 {[%emt 0:00:22] [#]} 29. b6 $1 axb6 30. axb6 {[%emt 0:00:14] aiming for b7.} Rb8 (30... f6 $142 31. Rb1 Kf7) 31. Rb2 Be5 $2 (31... f6 32. Rdd2 Kh7) 32. Bxe5 Rxe5 {[%emt 0:00:01][%mdl 4096] Endgame. KRR-KRR} 33. b7 (33. bxc7 Rxb2+ 34. Kf1) 33... Re7 34. Ra1 Kf8 35. Ra8 Ree8 36. Ra5 c6 37. Rxc5 Re7 38. Rxc6 (38. Rg5 $18 {and White stays clearly on top.}) 38... Rexb7 $16 39. Rxb7 Rxb7 $18 {[%emt 0:00:01] KR-KR} 40. Rd6 {[%emt 0:00:07] Kd1 would now be deadly.} Ke7 41. Rd4 f5 42. Kd1 {[%emt 0:03:55] Black must now prevent Kc2.} Rb2 43. Rd2 Rb4 44. c5 Rb5 45. c6 Rc5 46. Rc2 (46. Rd7+ $14 Kf6 47. Rc7 (47. c7 g6 $11)) 46... Rxc2 $1 $11 {[%emt 0:00:00] The position is equal.} 47. Kxc2 {[%emt 0:00:00] White wants to mate with Kc3.} Kd6 48. Kc3 Kxc6 49. Kd4 {[%emt 0:00:00] Blacks defense is rewarded with a draw.   Weighted Error Value: White=0.22 (precise) /Black=0.19 (very precise) .  Mistake:       	White=3     	Black=6      Inaccurate:     	White=4     	Black=2      OK:         	White=16    	Black=10     Best:        	White=2     	Black=5      Strong:       	White=1     	Black=1} 1/2-1/2

[Event "Reykjavik Open 2024"]
[Site "Reykjavik"]
[Date "2024.03.18"]
[Round "6.32"]
[White "Magnusdottir, Veronika Steinunn"]
[Black "Karsten, Jan"]
[Result "0-1"]
[ECO "C55"]
[WhiteElo "1812"]
[BlackElo "2323"]
[Annotator "TA"]
[PlyCount "64"]
[EventDate "2024.03.12"]
[EventCountry "ISL"]
[SourceTitle "playchess.com"]
[Source "ChessBase"]
[SourceQuality "1"]
[TimeControl "40/5400+30:1800+30"]

1. e4 e5 2. Nf3 Nc6 3. Bc4 Nf6 4. d3 h6 5. c3 d6 6. O-O g5 7. Re1 Bg7 8. Nbd2 ({Better is} 8. h3 $14) 8... g4 $1 $15 {[%emt 0:02:03] Black is slightly better.} 9. Nh4 {[%emt 0:04:46] [#]} Nxe4 $1 10. dxe4 Qxh4 11. Nf1 h5 12. Ne3 Ne7 13. Bb5+ Kf8 (13... Bd7 {looks sharper.} 14. Nd5 Nxd5 15. Bxd7+ Kxd7 16. Qxd5 c6) 14. c4 Be6 15. Nd5 {[%emt 0:06:15] And now g3 would win.} Bxd5 (15... c6 $1 $15 16. Nc7 Rd8 17. Nxe6+ fxe6) 16. cxd5 $11 c6 17. dxc6 bxc6 18. Bc4 Qf6 19. Bd2 Bh6 20. Bb4 {[%emt 0:00:38][%mdl 1024] White has compensation. A strong pair of Bishops.} Rd8 21. Qa4 (21. Qe2 $5) 21... Rd7 22. Rad1 Kg7 23. Rd3 Qg6 24. Red1 Rhd8 25. Ba5 Rc8 (25... Qxe4 $5 26. Bxd8 Rxd8 $16) 26. Bb4 {[%emt 0:00:52] [#]} d5 27. exd5 Nxd5 28. Bxd5 (28. Bc3 $11 {keeps the balance.}) 28... Rxd5 $17 29. Rxd5 ({White should play} 29. Qa6 Rcd8 30. Rxd5 Rxd5 31. Rf1) 29... cxd5 30. Rxd5 $2 (30. Qxa7 $19 Qf5 31. Qa5) 30... Rc1+ {[%emt 0:00:34] Black mates.} 31. Rd1 Qb1 $1 32. g3 Rxd1+ {[%emt 0:00:08] Weighted Error Value: White=0.42/Black=0.11 (very precise) .  Mistake:       	White=4     	Black=1      Inaccurate:     	White=4     	Black=2      OK:         	White=8     	Black=11     Strong:       	---       	Black=1      Brilliant:      	---       	Black=1} 0-1

[Event "Reykjavik Open 2024"]
[Site "Reykjavik"]
[Date "2024.03.18"]
[Round "6.33"]
[White "Papadiamandis, Elliot"]
[Black "Hauksdottir, Hrund"]
[Result "1-0"]
[ECO "C77"]
[WhiteElo "2302"]
[BlackElo "1859"]
[Annotator "TA"]
[PlyCount "71"]
[EventDate "2024.03.12"]
[EventCountry "ISL"]
[SourceTitle "playchess.com"]
[Source "ChessBase"]
[SourceQuality "1"]
[TimeControl "40/5400+30:1800+30"]

1. e4 e5 2. Nf3 Nc6 3. Bb5 a6 4. Ba4 Nf6 5. d3 b5 6. Bb3 Be7 7. a4 Rb8 8. axb5 axb5 9. Nc3 O-O 10. Nd5 {[%emt 0:04:24] Weiß hat minimalen Vorteil.} d6 11. O-O Bg4 12. c3 h6 13. h3 Bc8 14. Nh2 {[%emt 0:10:37] Weiß hat aktiveres Spiel.} Re8 15. Qf3 Be6 16. Ra6 Bxd5 17. Bxd5 Nxd5 18. exd5 e4 19. dxe4 Ne5 20. Qd1 Qc8 21. Ra7 Rb7 22. Rxb7 Qxb7 23. Ng4 Bf8 24. Bxh6 Nc4 (24... c6 $16 {war nötig.} 25. Be3 Nxg4 26. Qxg4 cxd5 27. exd5 Qxd5) 25. b3 $18 Ne5 26. Be3 c6 27. Qd4 c5 28. Qd1 b4 29. c4 Qd7 (29... Nxg4 $142 30. Qxg4 Qa7) 30. Nxe5 Rxe5 31. Qc2 Qe7 (31... Re8 $142 32. Bf4 Qd8) 32. Bf4 ({Finger weg von} 32. f3 g6 33. Ra1 Bg7 34. Ra8+ Kh7 $18) 32... Rh5 33. Re1 g6 34. Qd3 Bg7 35. Re2 Rh4 (35... Be5 $142) 36. Qg3 {[%emt 0:00:35] Gewichteter Fehlerwert: Weiß=0.10 (sehr präzise) /Schwarz=0.27 (präzise) .  Fehler:       	---       	Schwarz=4     Ungenau:       	Weiß=2     	Schwarz=5     OK:         	Weiß=15    	Schwarz=7     Bester:       	---       	Schwarz=1} 1-0

[Event "Reykjavik Open 2024"]
[Site "Reykjavik"]
[Date "2024.03.18"]
[Round "6.34"]
[White "Klimkowski, Jan"]
[Black "Wong-Godfrey, Emerson P"]
[Result "1-0"]
[ECO "A57"]
[WhiteElo "2532"]
[BlackElo "1799"]
[Annotator "TA"]
[PlyCount "91"]
[EventDate "2024.03.12"]
[EventCountry "ISL"]
[SourceTitle "playchess.com"]
[Source "ChessBase"]
[SourceQuality "1"]
[TimeControl "40/5400+30:1800+30"]

1. d4 Nf6 2. c4 c5 3. d5 b5 4. cxb5 a6 5. e3 g6 6. Nc3 Bg7 7. Nf3 O-O 8. a4 d6 9. e4 axb5 10. Bxb5 Ba6 11. Bd2 Bxb5 12. axb5 Rxa1 13. Qxa1 Qb6 14. O-O Ne8 (14... Nbd7 $16) 15. Bg5 $18 f6 {[%emt 0:08:16] Schwarz ist schwach auf den weissen Feldern} 16. Be3 Nc7 {[%emt 0:03:18] [#]} (16... Nd7 $16 17. b4 f5) 17. b4 $1 ({Finger weg von} 17. Qa4 $6 Nd7 $16) 17... Nd7 18. bxc5 Nxc5 19. Qa2 $2 (19. Rb1 $18 {und Weiss behält klar die Oberhand.}) 19... Nxb5 $16 {[%emt 0:13:50] [#]} 20. Nxb5 (20. Qb2 $1 $16 Rb8 21. Rb1 Nxc3 22. Qxb6 Rxb6 23. Rxb6 N5xe4 24. Bd4) 20... Qxb5 $11 21. Rb1 Qa4 22. Qxa4 Nxa4 23. Rb7 Re8 24. Rc7 e5 (24... f5 $11) 25. g4 $16 Rb8 26. Nd2 Bf8 27. h4 Rb4 28. f3 Nb2 29. Kf1 Nd3 (29... Ra4 $14) 30. Ke2 Nc5 (30... Nb2 $16 31. Rc8 Kf7 32. Rc7+ Kg8) 31. Bxc5 $18 dxc5 {[%emt 0:00:03][%mdl 4096] Endspiel. KRB-KRN} 32. Kd3 f5 $2 (32... Rd4+ 33. Kc3 f5 34. gxf5 gxf5) 33. gxf5 gxf5 34. Nc4 $2 (34. exf5 $18 {bietet bessere Gewinnchancen. Droht stark Ne4.} Rd4+ 35. Ke2) 34... Rb3+ $16 35. Ke2 {[%emt 0:00:05] Schwarz muss nun d6 beachten. Weiß hat aktiveres Spiel.} fxe4 $2 {[%emt 0:00:29] Danach kann Schwarz die Partie nicht mehr halten.} (35... Rb4 $16 36. Nxe5 fxe4) 36. fxe4 $18 Rh3 37. Nxe5 Rxh4 38. Kf3 Bd6 (38... Bh6 $142 39. Nd7 (39. Rxc5 Bg5 $11) 39... Rf4+ 40. Kg2 c4 41. Rxc4 Bg5) 39. Rc8+ Kg7 40. Nc4 Rh6 (40... Be7 41. d6 Bg5 42. Rxc5 Bd8 43. Rc7+ Kh6) 41. e5 Rh5 42. exd6 {[%emt 0:00:00] Weiß setzt Matt.} Rxd5 43. Ke4 Rd4+ 44. Ke5 Rxc4 45. d7 Rd4 46. d8=Q {[%emt 0:00:00] Gewichteter Fehlerwert: Weiß=0.23 (präzise) /Schwarz=0.64.  Verlustzug:     	---       	Schwarz=1     Gewinn verpasst:   	Weiß=2     	---        Fehler:       	Weiß=1     	Schwarz=7     Ungenau:       	---       	Schwarz=1     OK:         	Weiß=14    	Schwarz=6     Bester:       	Weiß=3     	Schwarz=3     Stark:        	Weiß=1     	---} 1-0